 Dungeon Crawl Stone Soup version 0.18.1-47-g9310371 (webtiles) character file.

16 juanjsm the Sneak (level 2, 0/13 HPs)
             Began as a Spriggan Enchanter on June 18, 2016.
             Slain by a goblin
             ... wielding a +0 club
              (3 damage)
             ... on level 1 of the Dungeon.
             The game lasted 00:01:51 (599 turns).

juanjsm the Sneak (Spriggan Enchanter)               Turns: 599, Time: 00:01:56

Health: 0/13       AC:  3    Str:  4    XL:     2   Next: 41%
Magic:  2/6        EV: 18    Int: 16    God:
Gold:   60         SH:  0    Dex: 16    Spells: 2 memorised, 3 levels left

rFire  . . .     SeeInvis +     a - +1 dagger
rCold  . . .     Gourm    .     b - +1 robe
rNeg   . . .     Faith    .     (shield restricted)
rPois  .         Spirit   .     (helmet restricted)
rElec  .         Dismiss  .     (no cloak)
rCorr  .         Reflect  .     (gloves unavailable)
SustAt .         Harm     .     (boots unavailable)
MR     .....                    (no amulet)
Stlth  +++.......               (no ring)
                                (no ring)

@: very slightly contaminated, very quick, not resistant to hostile
enchantments, fairly stealthy
A: unfitting armour, see invisible, herbivore 3, speed 3, slow metabolism 2
a: no special abilities


You were on level 1 of the Dungeon.
You were not hungry.

You visited 1 branch of the dungeon, and saw 2 of its levels.

You collected 60 gold pieces.

Inventory:

Hand Weapons
 a - a +1 dagger (weapon)
Missiles
 n - 18 poisoned needles
Armour
 b - a +1 robe (worn)
Scrolls
 e - 2 scrolls of identify {unknown}
 f - 2 scrolls of fog {unknown}
 h - a scroll of teleportation {unknown}
 l - 2 scrolls of remove curse {unknown}
 o - a scroll of random uselessness {unknown}
 q - a scroll of magic mapping {unknown}
Potions
 i - a potion of berserk rage {unknown}
 j - 3 potions of degeneration {unknown}
 k - a potion of ambrosia {unknown}
 m - a potion of flight {unknown}
 p - a potion of agility {unknown}
Books
 c - a book of Maledictions

   Spells                             Type                      Level
   a - Corona                         Hexes                        1
   b - Ensorcelled Hibernation        Hexes/Ice                    2
   c - Confuse                        Hexes                        3
   d - Tukima's Dance                 Hexes                        3
   e - Dazzling Spray                 Conjuration/Hexes            3
Comestibles
 d - a bread ration
 g - a slice of pizza


   Skills:
 + Level 1.2 Short Blades
 + Level 3.0 Dodging
 + Level 4.6 Stealth
 + Level 2.9 Spellcasting
 + Level 4.2 Hexes


You had 3 spell levels left.
You knew the following spells:

 Your Spells              Type           Power        Failure   Level  Hunger
a - Corona                Hex            ###....      3%          1    #......
b - Ensorcelled Hibernat  Hex/Ice        #.....       14%         2    ##.....


Dungeon Overview and Level Annotations

Branches:
Dungeon (2/15)

Altars:


Innate Abilities, Weirdness & Mutations

You are tiny and cannot use many weapons and most armour.
You have supernaturally acute eyesight.
You are a herbivore.
You cover ground extremely quickly.
You need consume almost no food.


Message History

Aiming: Ensorcelled Hibernation
Press: ? - help, Shift-Dir - straight line, f - kobold
Aim: a kobold (chance to defeat MR: 79%)
The kobold looks drowsy...
The goblin hits you with a club.
The helpless kobold fails to defend itself.
You impale the kobold!!
You kill the kobold!
The goblin completely misses you.
Casting: Ensorcelled Hibernation
Confirm with . or Enter, or press ? or * to list all spells.
Aiming: Ensorcelled Hibernation
Press: ? - help, Shift-Dir - straight line, f - kobold
Aim: a kobold, wielding an enchanted short sword (chance to defeat MR: 79%)
You miscast Ensorcelled Hibernation.
You are very lightly contaminated with residual magic.
Nothing appears to happen.
The kobold hits you with an enchanted short sword.
* * * LOW HITPOINT WARNING * * *
The goblin hits you with a club.
You die...

#..#.##.###.###.#.#.#.#.#.#.# #.
#..........................>####.
#.##.##.##...P...........#.......
##.#.#.###....P♣..##..# #.#######
.##...####..P♣♣P♣♣.#..#.#.
......†.....♣PP)P.P.......
#########..♣♣.....P.....##
##.P♣♣.P...#..### # ♣PP@♣P.).#
♣♣♣gK###.# ..... .# #...#####
#####


You could see a goblin and a kobold.

Vanquished Creatures
  An ooze (D:1)
  A giant cockroach (D:1)
  A goblin (D:1)
  2 hobgoblins (D:1)
  3 kobolds (D:1)
  2 giant newts (D:1)
  A rat (D:1)
11 creatures vanquished.

Notes
Turn   | Place    | Note
--------------------------------------------------------------
     0 | D:1      | juanjsm the Spriggan Enchanter began the quest for the Orb.
     0 | D:1      | Reached XP level 1. HP: 9/9 MP: 5/5
   108 | D:1      | You fall through a shaft!
   350 | D:1      | Reached XP level 2. HP: 9/13 MP: 4/6
   357 | D:1      | Learned a level 2 spell: Ensorcelled Hibernation
   599 | D:1      | Slain by a goblin

Skill      XL: |  1 |
---------------+----+-----
Hexes          | 4 |  4.2
Short Blades   | |  1.2
Dodging        | |  3.0
Stealth        | |  4.6
Spellcasting   | |  2.9

Action                   || total
-------------------------++-------
Melee: Dagger            ||    51
 Cast: Corona            ||     6
       Ensorcelled Hiber ||     3
 Stab: Sleeping          ||     3
Armor: Robe              ||     3
Dodge: Dodged            ||    39
